 Dungeon Crawl Stone Soup version 0.29.1-1-gd02db6906a (webtiles) character file.

Game seed: 16115014098151817858

455 RKaid the Skirmisher (level 6, -4/37 HPs)
             Began as a Deep Elf Hunter on Sept 18, 2022.
             Was an Initiate of Hepliaklqana.
             Killed from afar by Ijyb (7 damage)
             ... with a puff of flame
             ... on level 4 of the Dungeon.
             The game lasted 00:09:40 (4588 turns).

RKaid the Skirmisher (Deep Elf Hunter)              Turns: 4588, Time: 00:09:40

Health: -4/37      AC:  4    Str:  8    XL:     6   Next: 76%
Magic:  17/17      EV: 15    Int: 14    God:    Hepliaklqana [......]
Gold:   49         SH:  5    Dex: 24    Spells: 5/5 levels left

rFire   . . .      SeeInvis .   a - +0 shortbow
rCold   + . .      Faith    .   (shield currently unavailable)
rNeg    . . .      Spirit   .   h - +0 leather armour of Impressiveness {rC+ Regen+ MP+9 Dex+4}
rPois   .          Reflect  +   (no helmet)
rElec   .          Harm     .   k - scarf {+Inv}
rCorr   .          Rampage  .   c - +0 pair of gloves
Will    .....                   (no boots)
Stlth   ++........              l - amulet of reflection
HPRegen 0.92/turn               (no ring)
MPRegen 0.15/turn               (no ring)

@: on berserk cooldown, slowed, very slow
A: no striking features
a: Renounce Religion, Evoke Invisibility


You were on level 4 of the Dungeon.
You worshipped Hepliaklqana.
Hepliaklqana was noncommittal.
You visited 2 branches of the dungeon, and saw 5 of its levels.
You also visited: Sewer and Ossuary.

You collected 182 gold pieces.
You spent 133 gold pieces at shops.

Inventory:

Hand Weapons
 a - a +0 shortbow (weapon)
Armour
 c - a +0 pair of gloves (worn)
   (You found it on level 4 of the Dungeon)
 f - a +0 leather armour of positive energy
   (You took it off an orc on level 3 of the Dungeon)
 h - the +0 leather armour of Impressiveness (worn) {rC+ Regen+ MP+9 Dex+4}
   (You bought it in a shop on level 1 of the Dungeon)

   Dex:       It affects your dexterity (+4).
   rC:        It protects you from cold.
   MP:        It affects your magic capacity (+9).
   Regen:     It increases your rate of health regeneration.
 k - a scarf of invisibility (worn)
   (You found it on level 2 of the Dungeon)
Jewellery
 l - an amulet of reflection (around neck)
   (You found it on level 3 of the Dungeon)
Scrolls
 b - 4 scrolls of immolation {!r}
 p - a scroll of magic mapping {!r}
 q - 3 scrolls of enchant weapon
Potions
 d - 4 potions of curing {unknown}
 e - a potion of cancellation {unknown}
 g - a potion of lignification {unknown}
 j - 2 potions of haste
 m - 2 potions of berserk rage {!q}
 n - 2 potions of magic
 o - a potion of flight {unknown}
 r - a potion of attraction {unknown}
 s - a potion of mutation {unknown}
 t - a potion of heal wounds {unknown}


   Skills:
 + Level 3.2 Fighting
 * Level 8.5 Ranged Weapons
 + Level 4.8 Dodging
 - Level 1.2 Stealth


You had 5 spell levels left.
You didn't know any spells.
Your spell library contained the following spells:

 Spells                   Type           Power      Damage    Failure   Level
 Shock                    Conj/Air       0%         1d3       38%         1
 Gell's Gravitas          Tloc           0%         N/A       77%         3
 Swiftness                Air            0%         N/A       77%         3
 Teleport Other           Tloc           0%         N/A       77%         3
 Airstrike                Air            0%         2d(0-16)  99%         4
 Dispersal                Tloc           0%         N/A       100%        6


Dungeon Overview and Level Annotations

Branches:
Dungeon (4/15)             Temple (1/1) D:4           Sewer (visited)
Ossuary (visited)

Altars:
Cheibriados
Elyvilon
Fedhas
Hepliaklqana
Kikubaaqudgha
Makhleb
Nemelex Xobeh
Okawaru
Qazlal
Sif Muna
Uskayaw
Vehumet
Yredelemnul
The Shining One

Shops:
D:1 [

Annotations:
D:2 1 runed translucent door, Crazy Yiuf
D:4 Ijyb


Message History

There is a staircase back to the Dungeon here.
Found an iron altar of Okawaru.
There is an iron altar of Okawaru here.
Found a glowing golden altar of the Shining One.
Found a hazy altar of Hepliaklqana.
Found a white marble altar of Elyvilon.
There is a glowing golden altar of the Shining One here.
Found a radiant altar of Vehumet.
Found a sparkling altar of Nemelex Xobeh.
Found a blossoming altar of Fedhas.
Found a stormy altar of Qazlal.
There is a fountain of clear blue water here.
Found an ancient bone altar of Kikubaaqudgha.
There is a fountain of clear blue water here.
There is a sparkling altar of Nemelex Xobeh here.
Done exploring.
Done exploring.
Done exploring.
Done exploring.
Done exploring.
Done exploring.
Done exploring.
Done exploring.
Done exploring.
Done exploring.
Done exploring.
There is a hazy altar of Hepliaklqana here.
You kneel at the altar of Hepliaklqana.
Hepliaklqana welcomes you!
Unknown command.
Press < or > to pray at altars.
There is a staircase back to the Dungeon here.
You climb upwards.
Welcome back to the Dungeon!
There is a staircase to the Ecumenical Temple here.
You see here a +0 flail.
You open the door.
There is an open door here.
You open the door.
There is an open door here.
You now have 49 gold pieces (gained 10).
You open the door.
There is an open door here.
There is an open door here.
A goblin comes into view. It is wielding a +0 trident.
Found a snail-covered altar of Cheibriados.
A goblin is nearby!
A goblin is nearby!
A goblin is nearby!
You shoot an arrow. The goblin shouts!
The arrow hits the goblin.
You shoot an arrow. The arrow hits the goblin!
You kill the goblin!
No target in view!
No target in view!
There is an open door here.
Found a hide-covered altar of Uskayaw.
Ijyb the Twisted Goblin comes into view.
She is wielding a +0 dagger of electrocution and carrying a wand of flame (14).
Marking area around Ijyb as unsafe for travelling.
You shoot an arrow. The arrow hits Ijyb.
You shoot an arrow. The arrow barely misses Ijyb.
You shoot an arrow. The arrow hits Ijyb.
Ijyb misses you.
You shoot an arrow. The arrow hits Ijyb.
Ijyb completely misses you.
You shoot an arrow. The arrow barely misses Ijyb.
Ijyb screams, "Get away!"
Ijyb closely misses you.
You shoot an arrow. The arrow hits Ijyb but does no damage.
Ijyb closely misses you.
You shoot an arrow. The arrow hits Ijyb!
Ijyb zaps a wand.
The puff of flame hits you!
You shoot an arrow. The arrow hits Ijyb!
Ijyb hits you with a +0 dagger of electrocution.
You are electrocuted!!
Ouch! That really hurt!
* * * LOW HITPOINT WARNING * * *
You are too injured to fight recklessly!
You are too injured to fight recklessly!
Unknown command.
It was a potion of berserk rage.
A red film seems to cover your vision as you go berserk!
You feel yourself moving faster!
You feel mighty!
Ijyb hits you with a +0 dagger of electrocution.
* * * LOW HITPOINT WARNING * * *
You are too berserk!
You feel a strong urge to attack something.
Ijyb zaps a wand.
The puff of flame misses you.
You are too berserk!
Ijyb hits you with a +0 dagger of electrocution.
* * * LOW HITPOINT WARNING * * *
You are too berserk!
You feel your anger nearly subside.
You are too berserk!
You are no longer berserk.
You are exhausted.
You feel yourself slow down.
Ijyb zaps a wand.
The puff of flame hits you!
You die...

.≈.##.# .# .≈.##.# #
.≈.##.# §§.##.#
...##.####### ##
≈≈........... .#
.≈..#.###########.##.#.#
§§.##............g.....#
.≈.########### #@#
.≈..############.#
.≈...............#
≈≈.#.#############
.....# ....## #####


You could see Ijyb.

Vanquished Creatures
  A scorpion (D:4)
  A necrophage (D:4)
  3 orc priests
  2 orc wizards
  A hell rat (Sewer)
  A mummy (D:4)
  3 gnolls (D:3)
  5 adders
  3 worms (D:2)
  12 orcs
  9 endoplasms
  3 giant cockroaches
  6 goblins
  7 hobgoblins
  3 quokkas
  3 ball pythons
  5 bats
  2 hobgoblin zombies (Ossuary)
  2 kobolds
  9 rats
81 creatures vanquished.

Vanquished Creatures (others)
  4 plants (D:3)
4 creatures vanquished.

Grand Total: 85 creatures vanquished

Notes
Turn   | Place    | Note
-------+----------+-------------------------------------------
     0 | D:1      | RKaid the Deep Elf Hunter began the quest for the Orb.
     0 | D:1      | Reached XP level 1. HP: 12/12 MP: 3/3
    30 | D:1      | Found Daxefa's Antique Armour Boutique.
   268 | D:1      | Found a faded altar of an unknown god.
   527 | D:1      | Reached XP level 2. HP: 17/17 MP: 4/4
  1239 | D:2      | Reached skill level 6 in Ranged Weapons
  1400 | D:2      | Reached skill level 2 in Fighting
  1495 | D:2      | Reached skill level 3 in Dodging
  1554 | D:2      | Found a runed translucent door.
  1555 | D:2      | Noticed Crazy Yiuf
  1601 | D:2      | Reached XP level 3. HP: 21/21 MP: 5/5
  1980 | D:3      | Reached XP level 4. HP: 8/26 MP: 6/6
  1981 | D:3      | HP: 6/26 [poisoned by an adder]
  2082 | D:3      | Found a glowing drain.
  2202 | Sewer    | Entered a sewer
  2520 | D:3      | HP: 5/27 [gnoll/+0 whip (7)]
  2571 | D:3      | Reached skill level 7 in Ranged Weapons
  2579 | D:3      | Reached XP level 5. HP: 10/31 MP: 7/7
  3120 | D:3      | Reached skill level 4 in Dodging
  3301 | D:3      | Found a shimmering blue altar of Sif Muna.
  3301 | D:3      | Found a basalt altar of Yredelemnul.
  3346 | D:4      | Found a sand-covered staircase.
  3361 | D:4      | Reached XP level 6. HP: 12/36 MP: 8/8
  3557 | Ossuary  | Entered an ossuary
  3583 | Ossuary  | HP: 9/36 [hobgoblin zombie (3)]
  3590 | Ossuary  | HP: 7/36 [centaur zombie (2)]
  3612 | D:4      | Reached skill level 3 in Fighting
  3960 | D:1      | Bought a spiked leather armour for 133 gold pieces
  3960 | D:1      | Identified the +0 leather armour of Impressiveness {rC+
                  | Regen+ MP+9 Dex+4} (You bought it in a shop on level 1 of
                  | the Dungeon)
  4149 | D:4      | Reached skill level 8 in Ranged Weapons
  4342 | D:4      | Found a staircase to the Ecumenical Temple.
  4368 | Temple   | Entered the Ecumenical Temple
  4458 | Temple   | Became a worshipper of Hepliaklqana the Forgotten
  4536 | D:4      | Found a snail-covered altar of Cheibriados.
  4546 | D:4      | Found a hide-covered altar of Uskayaw.
  4575 | D:4      | Noticed Ijyb
  4583 | D:4      | HP: 5/37 [Ijyb/+0 dagger of electrocution (19)]
  4588 | D:4      | Killed from afar by Ijyb

Illustrated notes

Levels and vault maps discovered:
D:1:      shiori_shiawase, layout_loops_corners,
          dreamdust_ecumenical_altar_grove, serial_shops, shop,
          chequers_arboretum
D:2:      layout_basic, minmay_misc_feat_alley, uniq_crazy_yiuf_cottage
D:3:      layout_basic, gammafunk_temple_overflow_wave, portal_sewer_entry_c,
          serial_bayou_ford_a
D:4:      layout_basic, mainiacjoe_overflow_catwalk_spiral,
          minmay_temple_entry_trees, nicolae_ossuary_entry_monument, uniq_ijyb
Temple:   eino_wide_crystal_templ

Skill      XL: |  1  2  3  4  5  6 |
---------------+-------------------+-----
Ranged Weapons | 6 7 8 |  8.5
Fighting       | 2 3 |  3.2
Dodging        | 3 4 |  4.8
Stealth        | |  1.2

Action                   |  1- 3 |  4- 6 || total
-------------------------+-------+-------++-------
 Fire: Shortbow          |    97 |   159 ||   256
  Use: Potion            |       |     3 ||     3
       Scroll            |       |     5 ||     5
Armor: Leather armour    |     6 |    12 ||    18
Dodge: Dodged            |    20 |    56 ||    76
Block: Other             |     2 |    19 ||    21

Table legend: (Time is in decaauts)
 A = Elapsed time spent in this place.
 B = Non-inter-level travel time spent in this place.
 C = Inter-level travel time spent in this place.
 D = Time resting spent in this place.
 E = Time spent auto-exploring this place.
 F = Levels seen in this place.
 G = Mean time per level.
                   A        B        C        D        E       F      G
               +--------+--------+--------+--------+--------+-----+--------+
         Total |   4644 |   4394 |    250 |   1421 |   2090 |   7 |  663.4 |
       Dungeon |   4208 |   3970 |    238 |   1219 |   2017 |   4 | 1052.0 |
        Temple |    102 |     90 |     12 |      0 |     60 |   1 |  102.0 |
         Sewer |    301 |    301 |      0 |    202 |     13 |   1 |  301.0 |
       Ossuary |     31 |     31 |      0 |      0 |      0 |   1 |   31.0 |
               +--------+--------+--------+--------+--------+-----+--------+

Top non-repeatable levels by time:
     D:3: 1284 daAuts
     D:1: 1089 daAuts
     D:4: 940 daAuts
     D:2: 894 daAuts
   Sewer: 301 daAuts
  Temple: 102 daAuts
 Ossuary: 31 daAuts

Table legend:
 A = Kills in this place as a percentage of kills in entire the game.
 B = Kills by you in this place as a percentage of kills by you in the entire game.
 C = Kills by friends in this place as a percentage of kills by friends in the entire game.
 D = Other kills in this place as a percentage of other kills in the entire game.
 E = Experience gained in this place as a percentage of experience gained in the entire game.
 F = Experience gained in this place divided by the number of levels of this place that you have seen.
                   A       B       C       D       E      F
               +-------+-------+-------+-------+-------+----------------------
         Total | 100.0 | 100.0 |   N/A |   N/A | 100.0 |  92.9
       Dungeon |  88.9 |  88.9 |   N/A |   N/A |  93.7 | 152.2
         Sewer |   8.6 |   8.6 |   N/A |   N/A |   6.0 |  39.0
       Ossuary |   2.5 |   2.5 |   N/A |   N/A |   0.3 |   2.0
               +-------+-------+-------+-------+-------+----------------------
